 Dungeon Crawl Stone Soup version 0.22.1-1-ga44c0e5 (webtiles) character file.

304099 Garbasso the Executioner (level 20, 0/187 HPs)
             Began as a Demonspawn Berserker on Oct 10, 2018.
             Was a High Priest of Trog.
             Slain by an azure jelly (24 damage)
             ... on level 1 of the Pits of Slime.
             The game lasted 03:30:21 (61402 turns).

Garbasso the Executioner (Demonspawn Berserker)    Turns: 61402, Time: 03:30:23

Health: 0/187      AC: 41    Str: 32    XL:     20   Next: 25%
Magic:  0/25       EV: 10    Int: 20    God:    Trog [*****.]
Gold:   2496       SH:  5    Dex: 21    Spells: 19/19 levels left

rFire    . . .     SeeInvis .   a - +6 executioner's axe (vamp)
rCold    . . .     Gourm    .   (shield currently unavailable)
rNeg     . . .     Faith    .   I - +5 plate armour of Amelioration {rCorr Int+4 Dex+4}
rPois    .         Spirit   +   z - +0 helmet
rElec    +         Reflect  +   V - +2 cloak of Trog's Approval {Int+3}
rCorr    +         Harm     .   G - +2 pair of gloves {Str+3}
MR       ++...                  t - +2 pair of boots of the Assassin {Detection Stab+ Stlth++}
Stlth    ..........             K - +5 amulet of reflection
HPRegen  0.41/turn              j - ring of Geydeaqa {*Drain MR+ Str+3 Int+2 Dex+4}
MPRegen  0.38/turn              f - ring of Jifuet Figuf {+Fly Slay+2}

@: no status effects
A: hooves 2, iridescent scales 3, clever 1, demonic guardian 3, robust 1,
electricity resistance, magic shield, magic regeneration, magic link
}: 2/15 runes: decaying, serpentine
a: Berserk, Trog's Hand, Brothers in Arms, Renounce Religion, Evoke Flight


You were on level 1 of the Pits of Slime.
You worshipped Trog.
Trog was extremely pleased with you.
You were not hungry.

You visited 9 branches of the dungeon, and saw 38 of its levels.
You visited the Abyss 1 time.
You also visited: Labyrinth and Ice Cave.

You collected 5086 gold pieces.
You spent 2590 gold pieces at shops.

Inventory:

Hand Weapons
 a - a +6 vampiric executioner's axe (weapon)
Missiles
 Y - 16 javelins of penetration (quivered)
Armour
 t - the +2 pair of boots of the Assassin (worn) {Detection Stab+ Stlth++}
   (You acquired it on level 4 of the Snake Pit)

   It makes you much more stealthy.
 z - a +0 helmet (worn)
 D - the +8 orange crystal plate armour {Archmagi, Int+3 Clar}
   (You acquired it on level 3 of the Swamp)

   It affects your intelligence (+3).
   It protects you against confusion.
 G - a +2 pair of gloves of strength (worn)
 I - the +5 plate armour of Amelioration (worn) {rCorr Int+4 Dex+4}
   (You found it on level 3 of the Elven Halls)

   It affects your intelligence (+4).
   It affects your dexterity (+4).
   It provides partial protection from all sources of acid and corrosion.
 V - the +2 cloak of Trog's Approval (worn) {Int+3}
   (You found it on level 6 of the Lair of Beasts)

   It affects your intelligence (+3).
Jewellery
 f - the ring of Jifuet Figuf (right hand) {+Fly Slay+2}
   (You found it on level 14 of the Dungeon)

   [ring of flight]

   It affects your accuracy and damage with ranged weapons and melee attacks
   (+2).
   It lets you fly.
 i - an uncursed ring of see invisible
 j - the ring of Geydeaqa (left hand) {*Drain MR+ Str+3 Int+2 Dex+4}
   (You bought it in a shop on level 2 of the Orcish Mines)

   [ring of strength]

   It affects your strength (+3).
   It affects your intelligence (+2).
   It affects your dexterity (+4).
   It affects your resistance to hostile enchantments.
   It causes draining when unequipped.
 k - an uncursed ring of protection from cold
 K - a +5 amulet of reflection (around neck)
 Q - an uncursed ring of fire
 Z - an uncursed ring of positive energy
Wands
 r - a wand of paralysis (35)
 s - a wand of scattershot (3)
 x - a wand of enslavement (43)
 C - a wand of iceblast (26)
 L - a wand of digging (26)
 P - a wand of clouds (2)
 S - a wand of disintegration (8)
 X - a wand of acid (36)
Scrolls
 e - 10 scrolls of teleportation
 l - 11 scrolls of remove curse
 m - 5 scrolls of magic mapping
 q - 7 scrolls of identify
 u - 3 scrolls of immolation
 M - 2 scrolls of silence
 N - a scroll of enchant armour
 T - 2 scrolls of fog
 U - 2 scrolls of fear
Potions
 d - 3 potions of magic
 h - 8 potions of curing
 n - 8 potions of mutation
 o - 8 potions of haste
 v - 4 potions of heal wounds
 w - a potion of agility
 H - 3 potions of invisibility
 J - 4 potions of ambrosia
 R - 6 potions of might
Miscellaneous
 b - a box of beasts
 p - a fan of gales
 y - a lamp of fire
 A - a crystal ball of energy
 B - a lightning rod (4/4)
 E - a sack of spiders
 F - a phial of floods
Comestibles
 c - 41 rations


   Skills:
 + Level 18.0 Fighting
 * Level 22.1 Axes
 + Level 16.5 Armour
 - Level 1.7 Dodging
 - Level 7.0 Evocations


You had 19 spell levels left.
You didn't know any spells.
Your spell library contained the following spells:

 Spells                   Type           Power        Failure   Level  Hunger
 Animate Skeleton         Necr           N/A          65%         1    ##.....
 Apportation              Tloc           #.....       65%         1    ##.....
 Beastly Appendage        Tmut           #.....       65%         1    ##.....
 Confusing Touch          Hex            #.....       65%         1    ##.....
 Corona                   Hex            #......      65%         1    ##.....
 Flame Tongue             Conj/Fire      #....        65%         1    ##.....
 Magic Dart               Conj           #...         65%         1    ##.....
 Sandblast                Erth           #.....       65%         1    ##.....
 Shock                    Conj/Air       #...         65%         1    ##.....
 Summon Small Mammal      Summ           #...         65%         1    ##.....
 Ensorcelled Hibernation  Hex/Ice        #.....       78%         2    ###....
 Passwall                 Tmut/Erth      #.......     78%         2    ###....
 Searing Ray              Conj           #.....       78%         2    ###....
 Slow                     Hex            #.......     78%         2    ###....
 Sticks to Snakes         Tmut           #.......     78%         2    ###....
 Swiftness                Chrm/Air       #.......     78%         2    ###....
 Confuse                  Hex            #.......     95%         3    ####...
 Dazzling Spray           Conj/Hex       #.....       95%         3    ####...
 Gell's Gravitas          Tloc           #.........   95%         3    ####...
 Inner Flame              Hex/Fire       #.......     95%         3    ####...
 Mephitic Cloud           Conj/Pois/Air  #.......     95%         3    ####...
 Portal Projectile        Hex/Tloc       #.....       95%         3    ####...
 Recall                   Summ/Tloc      N/A          95%         3    ####...
 Spider Form              Tmut/Pois      #.........   95%         3    ####...
 Static Discharge         Conj/Air       #.......     95%         3    ####...
 Stone Arrow              Conj/Erth      #.....       95%         3    ####...
 Tukima's Dance           Hex            #.......     95%         3    ####...
 Airstrike                Air            #.........   100%        4    #####..
 Cause Fear               Hex            #.........   100%        4    #####..
 Force Lance              Conj/Tloc      #.......     100%        4    #####..
 Fulminant Prism          Conj/Hex       #.........   100%        4    #####..
 Ice Form                 Ice/Tmut       #.......     100%        4    #####..
 Iskenderun's Mystic Bla  Conj           #.......     100%        4    #####..
 Leda's Liquefaction      Hex/Erth       #.........   100%        4    #####..
 Olgreb's Toxic Radiance  Pois           #.......     100%        4    #####..
 Passage of Golubria      Tloc           N/A          100%        4    #####..
 Petrify                  Tmut/Erth      #.......     100%        4    #####..
 Summon Ice Beast         Ice/Summ       #.......     100%        4    #####..
 Summon Lightning Spire   Summ/Air       #.......     100%        4    #####..
 Throw Icicle             Conj/Ice       #.......     100%        4    #####..
 Aura of Abjuration       Summ           #.........   100%        5    ######.
 Blade Hands              Tmut           #.........   100%        5    ######.
 Bolt of Magma            Conj/Fire/Erth #.........   100%        5    ######.
 Borgnjor's Vile Clutch   Necr/Erth      #.........   100%        5    ######.
 Lee's Rapid Deconstruct  Erth           #.........   100%        5    ######.
 Lightning Bolt           Conj/Air       #.........   100%        5    ######.
 Metabolic Englaciation   Hex/Ice        #.........   100%        5    ######.
 Silence                  Hex/Air        #.........   100%        5    ######.
 Summon Demon             Summ           #.........   100%        5    ######.
 Summon Forest            Summ/Tloc      #.........   100%        5    ######.
 Summon Mana Viper        Hex/Summ       #.......     100%        5    ######.
 Yara's Violent Unravell  Hex/Tmut       #.........   100%        5    ######.
 Bolt of Fire             Conj/Fire      #.........   100%        6    #######
 Darkness                 Hex            #.........   100%        6    #######
 Deflect Missiles         Chrm/Air       #.........   100%        6    #######
 Freezing Cloud           Conj/Ice/Air   #.........   100%        6    #######
 Invisibility             Hex            #.......     100%        6    #######
 Shadow Creatures         Summ           N/A          100%        6    #######
 Simulacrum               Ice/Necr       #.........   100%        6    #######
 Statue Form              Tmut/Erth      #........    100%        6    #######
 Dragon Form              Tmut           #.........   100%        7    #######
 Haunt                    Necr/Summ      #.........   100%        7    #######
 Borgnjor's Revivificati  Necr           #.........   100%        8    #######
 Death's Door             Chrm/Necr      #.........   100%        8    #######
 Discord                  Hex            #.........   100%        8    #######
 Ignition                 Fire           #.........   100%        8    #######
 Infestation              Necr           #.........   100%        8    #######
 Necromutation            Tmut/Necr      #.........   100%        8    #######
 Dragon's Call            Summ           #.........   100%        9    #######
 Shatter                  Erth           #.........   100%        9    #######
 Tornado                  Air            #.........   100%        9    #######


Dungeon Overview and Level Annotations

Branches:
Dungeon (15/15)            Temple (1/1) D:5            Lair (6/6) D:10
  Swamp (4/4) Lair:2        Snake (4/4) Lair:3        Slime (2/5) Lair:5
    Orc (2/2) D:12            Elf (3/3) Orc:2        Vaults (0/5) D:13
 Depths (1/5) D:15

Altars:
Ashenzari
Cheibriados
Dithmenos
Elyvilon
Fedhas
Gozag
Hepliaklqana
Kikubaaqudgha
Makhleb
Nemelex Xobeh
Okawaru
Qazlal
Ru
Sif Muna
Trog
Uskayaw
Vehumet
Wu Jian
Xom
Yredelemnul
Zin
The Shining One
Beogh

Shops:
D:9 (   D:12 :   D:15 *   Orc:2 [([*=   Elf:1 [   Snake:4 *?(!

Portals:
Hell: Lair:6

Annotations:
D:8 2 transporters
D:10 1 runed door, Lovchig's ghost, journeyman DDFi
D:11 3 runed doors, geeseburger's ghost, journeyman DrBe
Lair:1 exclusion: 2 oklob plants


Innate Abilities, Weirdness & Mutations

You have hoof-like feet.
You are completely covered in iridescent scales. (AC +6)
A powerful demonic guardian rushes to your aid.
When hurt, damage is shared between your health and your magic reserves.
You regenerate magic rapidly.
When low on magic, you restore magic in place of health.
Your mind is acute. (Int +2)
You are robust. (+10% HP)
You are resistant to electric shocks. (rElec)


Message History

You feel magically purged.
You are no longer corroded.
The azure jelly hits you but does no damage.
The azure jelly misses you.
The azure jelly hits you but does no damage. x4
The azure jelly barely misses you.
The azure jelly hits you but does no damage.
You slice the azure jelly!!
The azure jelly is moderately wounded.
The azure jelly hits you but does no damage.
The azure jelly hits you!
* * * LOW HITPOINT WARNING * * *
The azure jelly freezes you!!
* * * LOW HITPOINT WARNING * * *
The azure jelly closely misses you.
The azure jelly hits you but does no damage.
You feel much better. The azure jelly hits you.
* * * LOW HITPOINT WARNING * * *
The azure jelly freezes you!!
You die...

..........#...#
..........#...##.#
..............#... #
................. .##
................ ...#
.......^......# ##...#
..............##....#
....................##
........@............#
........J...........##
....................#
........#...#......##
.........#.#.......##
.#...#..###.........#
##.#.....##........#
.................##
.......<.....#....#


You could see an azure jelly.

Vanquished Creatures
  the Lernaean hydra (Swamp:4)
  Nikola (Swamp:2)
  2 deep elf blademasters (Elf:2)
  3 deep elf master archers (Elf:3)
  2 acid blobs
  Frances (Swamp:2)
  Kirke (Swamp:2)
  2 thorn hunters
  Agnes (Snake:1)
  Roxanne (Snake:4)
  Donald (Elf:2)
  An azure jelly (Slime:1)
  3 nagarajas (Snake:4)
  2 deep elf sorcerers (Elf:3)
  An orc warlord (Orc:2)
  A deep elf elementalist (Elf:3)
  A reaper (IceCv)
  Nessos (Lair:4)
  3 deep elf demonologists
  Azrael (Elf:2)
  A minotaur (Lab)
  3 deep elf annihilators (Elf:3)
  5 deep elf death magi
  A death ooze (Slime:1)
  4 deep elf high priests
  A yaktaur captain (D:15)
  22 hydras
  Erolcha (Orc:1)
  Fannar (D:11)
  7 naga warriors
  4 anacondas
  Erica (D:8)
  3 centaur warriors
  2 ghost crabs
  4 two-headed ogres
  9 alligators
  23 dancing weapons
  4 hell hogs (Abyss:2)
  18 naga sharpshooters
  An orc high priest (Orc:2)
  4 small abominations
  A sun demon (Lair:6)
  3 thrashing horrors
  12 shock serpents
  13 deep elf knights
  A shadow wraith (D:13)
  4 wretched stars (Abyss:3)
  A salamander mystic (Snake:3)
  9 swamp dragons
  3 unseen horrors
  6 deep elf archers
  2 spriggan druids (Swamp:4)
  A death drake (shapeshifter) (Abyss:3)
  An obsidian statue (D:14)
  4 naga ritualists
  2 shambling mangroves
  A lindwurm (D:13)
  2 orc knights
  57 deep elf magi
  A necromancer (D:13)
  3 oklob plants (Lair:5)
  4 mana vipers
  17 ugly things
  6 cyclopes
  2 orc sorcerers (Orc:2)
  Maurice (Orc:1)
  6 elephants (Lair:6)
  6 salamanders
  2 guardian serpents (Snake:4)
  A manticore (D:11)
  14 naga magi
  A torpor snail (Lair:3)
  37 black mambas
  2 rust devils (D:14)
  2 ice statues (IceCv)
  4 molten gargoyles (Elf:2)
  A smoke demon (Abyss:3)
  A centaur skeleton (D:11)
  5 kobold demonologists
  15 spiny frogs
  6 rime drakes
  A freezing wraith (D:14)
  4 yaktaurs (D:15)
  7 komodo dragons
  A yaktaur (shapeshifter) (Elf:1)
  6 trolls
  9 ice devils (IceCv)
  2 hellwings
  A harpy zombie (D:15)
  A hornet (shapeshifter) (D:14)
  A red devil (Lair:6)
  7 polar bears
  13 tyrant leeches
  10 hornets
  50 slime creatures
  5 hippogriffs
  7 blink frogs
  4 dream sheep
  10 bog bodies
  A dream sheep (shapeshifter) (D:13)
  3 spriggans
  A shadow (Swamp:1)
  8 wyverns
  A large abomination (Abyss:3)
  2 wraiths
  3 water elementals
  2 vampires
  A hog (Swamp:2)
  A ynoxinul (Abyss:2)
  49 yaks
  Grum (D:8)
  2 fire elementals (Elf:2)
  A steam dragon (Lair:1)
  A basilisk (Lair:6)
  2 golden eyes (Abyss:2)
  13 vampire mosquitoes
  A neqoxec (Abyss:3)
  3 hungry ghosts
  2 wargs (Orc:2)
  12 swamp worms
  48 nagas
  12 water moccasins
  5 insubstantial wisps
  A soldier ant (D:12)
  5 hell hounds
  5 porcupines
  7 sky beasts
  29 orc warriors
  3 black bears
  3 phantoms
  5 eyes of draining
  15 ice beasts
  12 swamp drakes
  11 ogres
  11 wolves
  2 necrophages
  11 crocodiles
  6 centaurs
  5 big kobolds
  An earth elemental (Elf:3)
  21 bullfrogs
  A scorpion (D:9)
  2 wyvern skeletons
  24 wights
  23 killer bees
  An electric eel (D:12)
  4 howler monkeys
  3 bullfrog zombies
  7 crimson imps
  2 centaur zombies
  5 jellies
  2 quasits
  A bullfrog skeleton (D:12)
  23 orc priests
  An iron imp (D:14)
  27 orc wizards
  An iguana (D:8)
  6 hell rats (Lair:6)
  11 worker ants
  A killer bee zombie (D:9)
  2 hound skeletons
  A gnoll (D:1)
  A worker ant zombie (D:6)
  A howler monkey skeleton (D:5)
  22 adders
  3 shadow imps
  14 white imps
  An ooze (D:3)
  3 ufetubi (IceCv)
  2 adder skeletons
  A worm (D:2)
  3 dart slugs
  4 leopard geckos
  91 orcs
  5 giant cockroaches
  3 hobgoblins
  11 jackals
  22 kobolds
  6 quokkas
  7 ball pythons
  A ball python skeleton (D:5)
  7 bats
  4 frilled lizards
  2 gnoll zombies (D:9)
  3 goblins
  6 rats
  A crawling corpse (Elf:3)
  6 fungi
  A plant (Lair:5)
  2 starspawn tentacles (Abyss:3)
1257 creatures vanquished.

Vanquished Creatures (collateral kills)
  Vashnia (Snake:2)
  2 acid blobs
  A deep elf master archer (Elf:3)
  2 tentacled starspawn
  2 thorn hunters
  8 nagarajas (Snake:4)
  An azure jelly (Slime:2)
  2 deep elf sorcerers (Elf:3)
  A deep elf elementalist (Elf:3)
  2 deep elf demonologists (Elf:3)
  2 deep elf annihilators (Elf:3)
  3 deep elf death magi (Elf:3)
  A deep elf high priest (Elf:3)
  A ghost crab (Swamp:3)
  A rakshasa (D:14)
  7 naga warriors
  8 hydras
  4 anacondas
  2 alligators (Swamp:4)
  4 dancing weapons
  4 orc high priests
  A shock serpent (Snake:4)
  4 deep elf knights
  7 naga sharpshooters
  2 salamander mystics (Snake:4)
  A wizard (Lair:6)
  A swamp dragon (Swamp:4)
  3 naga ritualists (Snake:4)
  3 orc knights (Orc:2)
  13 deep elf magi
  3 mana vipers
  3 ugly things (D:15)
  An orc sorcerer (Orc:2)
  A manticore (Lair:6)
  A shining eye (Slime:1)
  4 salamanders
  A centaur zombie (D:11)
  7 black mambas
  An elephant (Lair:6)
  4 guardian serpents (Snake:4)
  2 naga magi (Snake:4)
  An ice statue (Lair:2)
  4 spiny frogs
  A torpor snail (Lair:2)
  3 orange demons (Lair:6)
  An efreet (D:14)
  2 yaktaurs (D:15)
  7 rime drakes (Lair:6)
  An ice devil (Lair:2)
  2 komodo dragons
  An ancient zyme (Abyss:3)
  2 red devils
  2 polar bears
  3 bog bodies (Swamp:4)
  4 blink frogs
  5 hippogriffs (Lair:6)
  3 dream sheep (Lair:6)
  5 slime creatures
  A spriggan (Swamp:4)
  A fire elemental (Elf:2)
  2 wyverns (Lair:6)
  A golden eye (Slime:2)
  4 basilisks
  8 yaks
  2 hogs (Swamp:2)
  2 vampire mosquitoes (Swamp:4)
  A chaos spawn (D:14)
  22 nagas
  2 swamp worms
  2 water moccasins
  3 hell hounds
  2 swamp drakes (Swamp:4)
  2 ice beasts
  4 orc warriors
  A phantom (D:4)
  A necrophage (D:9)
  A black bear (D:7)
  An eye of draining (Slime:2)
  2 ogres
  A centaur (D:11)
  8 wolves
  4 crocodiles
  2 big kobolds (D:10)
  4 bullfrogs
  A killer bee (D:8)
  2 wights
  A howler monkey (D:4)
  3 crimson imps
  A hound (D:7)
  A quasit (D:14)
  4 orc priests
  7 orc wizards
  An adder (D:8)
  A shadow imp (D:14)
  12 orcs
  A kobold (D:11)
  A frilled lizard (D:2)
  A briar patch (Swamp:4)
  A crawling corpse (Elf:3)
291 creatures vanquished.

Vanquished Creatures (others)
  A deep elf annihilator (Elf:3)
  A naga sharpshooter (Snake:2)
  2 deep elf knights
  A naga mage (Snake:4)
  A molten gargoyle (Elf:2)
  A water elemental (Elf:3)
  2 insubstantial wisps (Swamp:3)
  2 white imps (IceCv)
  10 ufetubi
  2 orcs (Orc:2)
  2 briar patches (Swamp:4)
  20 fungi
  36 plants
  5 starspawn tentacles
86 creatures vanquished.

Grand Total: 1634 creatures vanquished

Notes
Turn   | Place    | Note
-------+----------+-------------------------------------------
     0 | D:1      | Garbasso the Demonspawn Berserker began the quest for the
                  | Orb.
     0 | D:1      | Reached XP level 1. HP: 18/18 MP: 1/1
   193 | D:1      | Reached skill level 3 in Axes
   308 | D:1      | Gained mutation: A weak demonic guardian rushes to your
                  | aid. [demonic ancestry]
   308 | D:1      | Reached XP level 2. HP: 11/24 MP: 2/2
   982 | D:2      | Reached XP level 3. HP: 17/29 MP: 3/3
  1523 | D:2      | Reached ** piety under Trog
  1720 | D:2      | Noticed a fire elemental
  1721 | D:2      | Found a stormy altar of Qazlal.
  1726 | D:2      | Noticed a water elemental
  1733 | D:2      | Reached XP level 4. HP: 33/36 MP: 4/4
  1997 | D:2      | Reached skill level 4 in Axes
  2517 | D:2      | Reached XP level 5. HP: 39/42 MP: 5/5
  2567 | D:2      | Noticed an air elemental
  2945 | D:3      | Found a deep blue altar of Sif Muna.
  3751 | D:4      | Noticed a phantom
  3755 | D:4      | Gained mutation: When hurt, damage is shared between your
                  | health and your magic reserves. [demonic ancestry]
  3755 | D:4      | Reached XP level 6. HP: 44/48 MP: 6/6
  3764 | D:4      | Reached skill level 5 in Axes
  4229 | D:4      | Found a sparkling altar of Nemelex Xobeh.
  4316 | D:4      | Reached *** piety under Trog
  4666 | D:5      | Entered Level 5 of the Dungeon
  4699 | D:5      | Gained mutation: You have large cloven feet. [demonic
                  | ancestry]
  4699 | D:5      | Reached XP level 7. HP: 49/55 MP: 5/7
  4831 | D:5      | Reached skill level 5 in Fighting
  4831 | D:5      | Reached skill level 6 in Axes
  5026 | D:5      | Found a sacrificial altar of Ru.
  5319 | D:5      | Found a staircase to the Ecumenical Temple.
  5324 | Temple   | Entered the Ecumenical Temple
  5694 | D:5      | Found a bloodstained altar of Trog.
  6243 | D:6      | Gained mutation: You are partially covered in iridescent
                  | scales. (AC +2) [demonic ancestry]
  6243 | D:6      | Reached XP level 8. HP: 63/63 MP: 8/8
  6360 | D:6      | Reached skill level 7 in Axes
  6893 | D:6      | Found a blossoming altar of Fedhas.
  7232 | D:7      | Reached skill level 5 in Armour
  7409 | D:7      | Noticed a hippogriff
  7418 | D:7      | Killed a hippogriff
  7418 | D:7      | Reached skill level 8 in Axes
  7784 | D:7      | Reached XP level 9. HP: 65/71 MP: 9/9
  7853 | D:7      | Found a shadowy altar of Dithmenos.
  7902 | D:7      | Found an opulent altar of Gozag.
  8071 | D:7      | Noticed a cyan ugly thing
  8078 | D:7      | Killed a cyan ugly thing
  8199 | D:7      | Found a shimmering altar of Xom.
  8325 | D:8      | Noticed a meliai
  8326 | D:8      | Found a transporter.
  8326 | D:8      | Found a snail-covered altar of Cheibriados.
  8357 | D:8      | Reached skill level 9 in Axes
  8362 | D:8      | Found a transporter.
  8471 | D:8      | Reached **** piety under Trog
  8572 | D:8      | Noticed Erica
  8818 | D:8      | Noticed Grum
  8830 | D:8      | Killed Grum
  9260 | D:8      | Killed Erica
  9260 | D:8      | Reached skill level 10 in Axes
  9260 | D:8      | Gained mutation: You regenerate magic rapidly. [demonic
                  | ancestry]
  9260 | D:8      | Reached XP level 10. HP: 55/80 MP: 4/10
  9512 | D:8      | Found a shattered altar of Ashenzari.
  9862 | D:9      | Received a gift from Trog
 10633 | D:9      | Found a hazy altar of Hepliaklqana.
 10706 | D:9      | Found Ufug's Antique Weapon Shop.
 10821 | D:9      | Received a gift from Trog
 10893 | D:9      | Reached skill level 11 in Axes
 11332 | D:9      | Found a basalt altar of Yredelemnul.
 11387 | D:10     | Entered Level 10 of the Dungeon
 11827 | D:10     | Found a runed door.
 11827 | D:10     | Noticed Lovchig's ghost (journeyman DDFi)
 11907 | D:10     | Got an iridescent trident
 11908 | D:10     | Identified the +4 trident of Action {elec, Str+4} (You
                  | found it on level 10 of the Dungeon)
 12164 | D:10     | Reached ***** piety under Trog
 12164 | D:10     | Gained mutation: A demonic guardian rushes to your aid.
                  | [demonic ancestry]
 12164 | D:10     | Reached XP level 11. HP: 52/89 MP: 4/11
 12490 | D:10     | Noticed a three-headed hydra
 12495 | D:10     | Killed a three-headed hydra
 12733 | D:10     | Found a staircase to the Lair.
 12739 | Lair:1   | Entered Level 1 of the Lair of Beasts
 13856 | Lair:1   | Found the +12 Vampire's Tooth {vamp}
 13900 | Lair:1   | Noticed an oklob plant
 13900 | Lair:1   | Noticed an oklob plant
 13935 | Lair:1   | Reached skill level 12 in Axes
 14433 | Lair:1   | Identified a scroll of acquirement
 14813 | Lair:2   | Reached skill level 10 in Fighting
 15011 | Lair:2   | Found a staircase to the Swamp.
 15030 | Lair:2   | Received a gift from Trog
 15619 | Lair:2   | Reached XP level 12. HP: 24/98 MP: 4/12
 16156 | Lair:2   | Got an iridescent hand axe
 16176 | Lair:2   | Identified the cursed +3 hand axe of Thoughtfulness {chop,
                  | *Rage Dex+9} (You found it on level 2 of the Lair of
                  | Beasts)
 16528 | Lair:2   | Reached skill level 13 in Axes
 16573 | Lair:3   | Noticed a five-headed hydra
 16586 | Lair:3   | Killed a five-headed hydra
 17160 | Swamp:1  | Entered Level 1 of the Swamp
 17394 | Lair:3   | Found a staircase to the Snake Pit.
 17669 | Lair:3   | Found a sparkling altar of Nemelex Xobeh.
 18313 | Lair:4   | Noticed Nessos
 18327 | Lair:4   | Killed Nessos
 18327 | Lair:4   | Reached skill level 1 in Evocations
 19893 | Lair:5   | Reached skill level 10 in Armour
 20046 | Lair:5   | Noticed a six-headed hydra
 20057 | Lair:5   | Killed a three-headed hydra
 20398 | Lair:5   | Reached skill level 14 in Axes
 21022 | Lair:6   | Entered Level 6 of the Lair of Beasts
 21095 | Lair:6   | Gained mutation: When low on magic, you restore magic in
                  | place of health. [demonic ancestry]
 21095 | Lair:6   | Reached XP level 13. HP: 106/106 MP: 15/15
 21138 | Lair:6   | Received a gift from Trog
 21606 | Lair:6   | Reached skill level 5 in Evocations
 22683 | Lair:6   | Found a burning altar of Makhleb.
 22706 | Lair:6   | Reached skill level 15 in Axes
 23002 | Lair:6   | Found a gateway to Hell.
 23015 | Lair:6   | Got a warped cloak
 23029 | Lair:6   | Identified the +2 cloak of Trog's Approval {Int+3} (You
                  | found it on level 6 of the Lair of Beasts)
 23479 | D:11     | Noticed Fannar
 23489 | D:11     | Killed Fannar
 23576 | D:11     | Reached XP level 14. HP: 81/115 MP: 10/18
 23816 | D:11     | Found a frozen archway.
 23841 | IceCv    | Entered an ice cave
 25260 | IceCv    | Noticed a reaper
 25269 | IceCv    | Killed a reaper
 25933 | D:11     | Found a runed gate.
 25935 | D:11     | Found a runed gate.
 25935 | D:11     | Found a runed gate.
 25935 | D:11     | Noticed geeseburger's ghost (journeyman DrBe)
 26721 | D:12     | Found Bacoav's Book Boutique.
 26763 | D:12     | Found a staircase to the Orcish Mines.
 26774 | D:12     | Received a gift from Trog
 26857 | D:12     | Found a labyrinth entrance.
 26866 | Lab      | Entered a labyrinth
 27643 | Lab      | Identified Enyacise's Volume of the Aerial Frostbite
 28155 | D:12     | Found a roughly hewn altar of Beogh.
 28530 | D:12     | Got an ancient hand crossbow
 28531 | D:12     | Identified the +4 hand crossbow of Vanity {velocity,
                  | *Corrode rF+ rN+ Int+7} (You found it on level 12 of the
                  | Dungeon)
 29187 | Orc:1    | Entered Level 1 of the Orcish Mines
 29187 | Orc:1    | Noticed Maurice
 29197 | Orc:1    | Killed Maurice
 29568 | Orc:2    | Entered Level 2 of the Orcish Mines
 29568 | Orc:2    | Found Ysoll's Antique Armour Emporium.
 29816 | Orc:2    | Bought a runed scarf for 248 gold pieces
 29878 | Orc:2    | Reached skill level 16 in Axes
 29884 | Orc:2    | Noticed an orc warlord
 30135 | Orc:2    | Killed an orc warlord
 31032 | Orc:2    | Found Xuhupeos's General Store.
 31033 | Orc:2    | Found Hiurepir's Jewellery Shop.
 31035 | Orc:2    | Found Wualuach's Antique Armour Boutique.
 31035 | Orc:2    | Found Gagap's Antique Weapon Boutique.
 31040 | Orc:2    | Bought 2 scrolls of blinking for 180 gold pieces
 31041 | Orc:2    | Bought an uncursed ring of positive energy for 240 gold
                  | pieces
 31041 | Orc:2    | Bought the ring of Geydeaqa {*Drain MR+ Str+3 Int+2 Dex+4}
                  | for 423 gold pieces
 31173 | Orc:2    | Gained mutation: You are resistant to electric shocks.
                  | (rElec) [potion of mutation]
 31173 | Orc:2    | Gained mutation: You expend magic power (3 MP) to
                  | strengthen your wands. [potion of mutation]
 31173 | Orc:2    | Gained mutation: Your mind is acute. (Int +2) [potion of
                  | mutation]
 31173 | Orc:2    | Gained mutation: You have hoof-like feet. [potion of
                  | mutation]
 31715 | Orc:2    | Found a staircase to the Elven Halls.
 31924 | Orc:1    | Noticed Erolcha
 31930 | Orc:1    | Killed Erolcha
 32570 | Elf:1    | Entered Level 1 of the Elven Halls
 32574 | Elf:1    | Reached XP level 15. HP: 124/124 MP: 20/20
 32874 | Elf:1    | Noticed a Hell Sentinel
 33287 | Elf:1    | Received a gift from Trog
 34616 | D:13     | Received a gift from Trog
 34906 | D:13     | Found a gate to the Vaults.
 35474 | D:14     | Reached skill level 17 in Axes
 35531 | D:14     | Got a warped tin ring
 35533 | D:14     | Identified the ring of Jifuet Figuf {+Fly Slay+2} (You
                  | found it on level 14 of the Dungeon)
 36730 | D:15     | Entered Level 15 of the Dungeon
 37255 | D:15     | Received a gift from Trog
 37432 | D:15     | Found Ynom Wyed's General Store.
 37575 | D:15     | Bought a scroll of magic mapping for 49 gold pieces
 37680 | D:15     | Found a staircase to the Depths.
 38550 | Depths:1 | Entered Level 1 of the Depths
 39241 | Swamp:1  | Mutation became permanent: You have large cloven feet.
                  | [demonic ancestry]
 39241 | Swamp:1  | Gained mutation: You have hoof-like feet. [demonic
                  | ancestry]
 39241 | Swamp:1  | Reached XP level 16. HP: 61/133 MP: 16/21
 40234 | Elf:1    | Found Asipneck's Antique Armour Shoppe.
 40241 | Elf:1    | Bought a pair of ichor-stained boots for 294 gold pieces
 40256 | Elf:1    | Identified the +1 pair of boots of the Great Game {Dex+3}
                  | (You bought it in a shop on level 1 of the Elven Halls)
 40258 | Elf:1    | Bought a pair of embroidered boots for 232 gold pieces
 40359 | Elf:1    | Received a gift from Trog
 41310 | Elf:2    | Reached skill level 18 in Axes
 41522 | Elf:2    | Found a runed gate.
 41522 | Elf:2    | Found a runed gate.
 41523 | Elf:2    | Found a runed gate.
 42029 | Elf:3    | Entered Level 3 of the Elven Halls
 42330 | Elf:3    | Received a gift from Trog
 43327 | Elf:3    | Reached skill level 15 in Fighting
 43689 | Elf:3    | Noticed a deep elf master archer
 43700 | Elf:3    | Killed a deep elf master archer
 43704 | Elf:3    | Noticed a deep elf master archer
 43707 | Elf:3    | Noticed a deep elf blademaster
 43738 | Elf:2    | Killed a deep elf blademaster
 43738 | Elf:2    | Gained mutation: You are mostly covered in iridescent
                  | scales. (AC +4) [demonic ancestry]
 43738 | Elf:2    | Reached XP level 17. HP: 57/142 MP: 16/22
 44110 | Elf:3    | Killed a deep elf master archer
 44116 | Elf:3    | Killed a ghostly deep elf master archer
 44688 | Elf:3    | Noticed a deep elf blademaster
 44693 | Elf:3    | Noticed a deep elf master archer
 44751 | Elf:2    | Killed a deep elf blademaster
 44751 | Elf:2    | Reached skill level 19 in Axes
 45020 | Elf:2    | Noticed Azrael
 45030 | Elf:2    | Killed Azrael
 45242 | Elf:2    | Noticed Donald
 45255 | Elf:2    | Killed Donald
 45978 | Elf:3    | Noticed a deep elf master archer
 45993 | Elf:3    | Killed a deep elf master archer
 46307 | Elf:3    | Killed a deep elf master archer
 46372 | Elf:3    | Cast into level 2 of the Abyss (a deep elf demonologist)
 46558 | Abyss:2  | Found a hide-covered altar of Uskayaw.
 46800 | Abyss:3  | Lost mutation: Your mind is acute. (Int +2) [a neqoxec]
 46937 | Elf:3    | Escaped the Abyss
 47494 | Elf:3    | Got a crude plate armour
 47497 | Elf:3    | Identified the +5 plate armour of Amelioration {rCorr Int+4
                  | Dex+4} (You found it on level 3 of the Elven Halls)
 47556 | Elf:3    | Identified Sif Muna's Incunabulum of the Virous Mountains
 47619 | Elf:3    | Identified the +4 ring mail "Gik Qeu" {rPois Int+3} (You
                  | found it on level 3 of the Elven Halls)
 47628 | Elf:3    | Identified the +4 ring mail of Soet {rC+ MP-9 Dex+5} (You
                  | found it on level 3 of the Elven Halls)
 48510 | Swamp:1  | Gained mutation: You are completely covered in iridescent
                  | scales. (AC +6) [demonic ancestry]
 48510 | Swamp:1  | Reached XP level 18. HP: 151/151 MP: 20/23
 48857 | Swamp:2  | Reached skill level 20 in Axes
 48891 | Swamp:2  | Noticed Frances
 48912 | Swamp:2  | Noticed Kirke
 48912 | Swamp:2  | Gained mutation: You are frail. (-10% HP) [a neqoxec]
 49021 | Swamp:2  | Killed Kirke
 49029 | Swamp:2  | Killed Frances
 49286 | Swamp:2  | Noticed Nikola
 49296 | Swamp:2  | Killed Nikola
 49787 | Swamp:3  | Reached skill level 15 in Armour
 50430 | Swamp:3  | Found the +8 orange crystal plate armour {Archmagi, Int+3
                  | Clar}
 50435 | Swamp:4  | Entered Level 4 of the Swamp
 53381 | Swamp:4  | Reached ****** piety under Trog
 53916 | Swamp:4  | Noticed the 27-headed Lernaean hydra
 53995 | Swamp:4  | Killed the 27-headed Lernaean hydra
 53995 | Swamp:4  | Received a gift from Trog
 54144 | Swamp:4  | Got a decaying rune of Zot
 54416 | Snake:1  | Entered Level 1 of the Snake Pit
 54669 | Snake:1  | Gained mutation: A powerful demonic guardian rushes to your
                  | aid. [demonic ancestry]
 54669 | Snake:1  | Reached XP level 19. HP: 143/143 MP: 20/24
 54760 | Snake:1  | Noticed Agnes
 54774 | Snake:1  | Killed Agnes
 54801 | Snake:1  | Reached skill level 21 in Axes
 55994 | Snake:2  | Noticed Vashnia
 56632 | Snake:2  | Killed Vashnia
 56632 | Snake:2  | Received a gift from Trog
 58527 | Snake:4  | Entered Level 4 of the Snake Pit
 58805 | Snake:4  | Found Oqeitz's Weapon Shoppe.
 58808 | Snake:4  | Found Kyonabel's Distillery.
 58808 | Snake:4  | Found Kufrupp's Assorted Antiques.
 58812 | Snake:4  | Found Qinucag's Magic Scroll Emporium.
 58817 | Snake:4  | Bought a potion of ambrosia for 96 gold pieces
 58817 | Snake:4  | Bought a potion of mutation for 96 gold pieces
 58820 | Snake:4  | Bought a scroll of acquirement for 624 gold pieces
 58820 | Snake:4  | Bought a scroll of teleportation for 36 gold pieces
 58820 | Snake:4  | Bought a scroll of teleportation for 36 gold pieces
 58820 | Snake:4  | Bought a scroll of teleportation for 36 gold pieces
 58822 | Snake:4  | Found the +2 pair of boots of the Assassin {Detection Stab+
                  | Stlth++}
 59045 | Snake:4  | Received a gift from Trog
 59335 | Snake:4  | Lost mutation: You are frail. (-10% HP) [potion of
                  | mutation]
 59335 | Snake:4  | Lost mutation: You expend magic power (3 MP) to strengthen
                  | your wands. [potion of mutation]
 59335 | Snake:4  | Gained mutation: You are robust. (+10% HP) [potion of
                  | mutation]
 59335 | Snake:4  | Gained mutation: Your mind is acute. (Int +2) [potion of
                  | mutation]
 59842 | Snake:4  | Noticed Roxanne
 59863 | Snake:4  | Killed Roxanne
 59864 | Snake:4  | Identified Roxanne's Handbook of the Mountains (You took it
                  | off Roxanne on level 4 of the Snake Pit)
 60553 | Snake:4  | Received a gift from Trog
 60588 | Snake:4  | Reached XP level 20. HP: 68/187 MP: 25/25
 60864 | Snake:4  | Got a serpentine rune of Zot
 61152 | Lair:5   | Found a staircase to the Slime Pits.
 61156 | Lair:5   | Reached skill level 22 in Axes
 61186 | Slime:1  | Entered Level 1 of the Pits of Slime
 61401 | Slime:1  | HP: 6/187 [azure jelly (25)]
 61402 | Slime:1  | Slain by an azure jelly

Skill      XL: |  1  2  3  4  5  6  7  8  9 10 11 12 13 14 15 16 17 18 19 20 |
---------------+-------------------------------------------------------------+-----
Axes           | 3 4 5 6 8 10 11 12 14 15 16 17 18 19 20 21 22 | 22.1
Armour         | 2 3 4 5 6 7 9 10 11 12 13 14 15 16 | 16.5
Fighting       | 4 5 6 8 9 10 11 12 13 14 15 16 17 18 | 18.0
Evocations     | 3 6 7 |  7.0
Dodging        | |  1.7

Action                   |  1- 3 |  4- 6 |  7- 9 | 10-12 | 13-15 | 16-18 | 19-21 || total
-------------------------+-------+-------+-------+-------+-------+-------+-------++-------
Melee: Hand axe          |    98 |    49 |       |     5 |       |       |       ||   152
       War axe           |       |   113 |    87 |       |       |       |       ||   200
       Kick              |       |       |    89 |    58 |       |       |       ||   147
       Broad axe         |       |       |   204 |   145 |       |       |       ||   349
       Battleaxe         |       |       |       |   213 |       |       |       ||   213
       Executioner's axe |       |       |       |   311 |  1118 |   979 |   534 ||  2942
       Trident           |       |       |       |    12 |       |       |       ||    12
 Fire: Hunting sling     |       |       |    52 |   122 |    25 |       |       ||   199
       Hand crossbow     |       |       |       |       |    35 |       |       ||    35
Throw: Stone             |    24 |    15 |     3 |       |       |       |       ||    42
       Javelin           |       |       |       |    13 |     2 |     7 |       ||    22
       Tomahawk          |       |       |       |     6 |       |       |       ||     6
Invok: Berserk           |     4 |     3 |     8 |     7 |     8 |     7 |     1 ||    38
       Trog's Hand       |       |     1 |     4 |     3 |     9 |    16 |    11 ||    44
       Brothers in Arms  |       |       |       |       |    12 |    12 |     9 ||    33
 Abil: Evoke Flight      |       |       |       |       |     1 |     4 |       ||     5
Evoke: Wand              |       |       |     2 |     9 |     1 |    24 |     4 ||    40
       Lightning rod     |       |       |       |       |       |     4 |       ||     4
  Use: Scroll            |       |     5 |     4 |    21 |    14 |    14 |     3 ||    61
       Potion            |       |       |       |     1 |     5 |    11 |     6 ||    23
 Stab: Invisible         |       |       |     1 |       |       |       |       ||     1
       Distracted        |       |       |     6 |     4 |     2 |    12 |     5 ||    29
       Paralysed         |       |       |     4 |     2 |       |     1 |       ||     7
       Confused          |       |       |       |       |       |     2 |       ||     2
       Sleeping          |       |       |       |       |       |     1 |       ||     1
  Eat: Chunk             |     6 |    12 |    23 |    33 |    46 |    28 |     8 ||   156
       Ration            |       |       |     2 |     4 |    10 |    11 |     7 ||    34
Armor: Ring mail         |     5 |       |       |       |       |   380 |    57 ||   442
       Chain mail        |    50 |   122 |   216 |    55 |       |       |       ||   443
       Plate armour      |       |       |       |   534 |   347 |       |   101 ||   982
       Crystal plate arm |       |       |       |       |   823 |   581 |   397 ||  1801
Dodge: Dodged            |    59 |    57 |   121 |   319 |   497 |   507 |   241 ||  1801
Block: Other             |       |       |       |       |       |   255 |   145 ||   400
       Reflection        |       |       |       |       |       |    15 |    28 ||    43
